 Dungeon Crawl Stone Soup version 0.28-a0-664-gc179e30c89 (webtiles) character file.

Game seed: 9094634514366347502

74 acebull12 the Magician (level 4, 0/31 HPs)
             Began as a Djinni Fire Elementalist on Oct 16, 2021.
             Slain by a ball python (2 damage)
             ... on level 3 of the Dungeon.
             The game lasted 00:08:04 (2800 turns).

acebull12 the Magician (Djinni Fire Elementalist)   Turns: 2800, Time: 00:08:05

Health: 0/31       AC:  2    Str:  7    XL:     4   Next: 52%
Gold:   102        EV:  9    Int: 17    God:
                   SH:  0    Dex: 14

rFire   + + .      SeeInvis .   j - +0 demon trident (venom)
rCold   x . .      Faith    .   (no shield)
rNeg    . . .      Spirit   .   a - +0 robe
rPois   ∞          Reflect  .   (no helmet)
rElec   .          Harm     .   (no cloak)
rCorr   .          Rampage  .   (no gloves)
Will    .....                   (boots unavailable)
Stlth   ++........              (no amulet)
HPRegen 0.10/turn               (no ring)
MPRegen 0.00/turn               (no ring)

@: flying, constricted
A: sickness immunity, fire resistance 2, cold vulnerability 1, float, innate
caster, hp casting, extra vitality 1
a: no special abilities


You were on level 3 of the Dungeon.
You visited 1 branch of the dungeon, and saw 3 of its levels.

You collected 102 gold pieces.

Inventory:

Hand Weapons
 j - a +0 demon trident of venom (weapon)
Missiles
 l - 53 stones
Armour
 a - a +0 robe (worn)
Scrolls
 e - 2 scrolls of teleportation {unknown}
 f - a scroll of acquirement {unknown}
 i - a scroll of identify {unknown}
 o - a scroll of silence {unknown}
 p - a scroll of magic mapping {unknown}
 r - a scroll of torment {unknown}
 s - a scroll of brand weapon {unknown}
Potions
 b - 2 potions of attraction {unknown}
 c - a potion of brilliance {unknown}
 d - 4 potions of heal wounds {unknown}
 g - 3 potions of haste {unknown}
 h - a potion of curing {unknown}
 k - a potion of flight {unknown}
 m - a potion of cancellation {unknown}
 n - a potion of might {unknown}
 q - a potion of invisibility {unknown}


   Skills:
 * Level 0.5 Fighting
 * Level 1.0 Polearms
 * Level 2.4 Dodging
 + Level 1.8 Stealth
 * Level 3.4 Spellcasting


You couldn't memorise any spells.
You knew the following spells:

 Your Spells              Type           Power      Damage    Failure   Level
a - Foxfire               Conj/Fire      56%        2x1d6     4%          1
b - Scorch                Fire           28%        2d6       6%          2
c - Conjure Flame         Conj/Fire      14%        6-21      12%         3
d - Inner Flame           Hex/Fire       14%        N/A       12%         3
e - Flame Wave            Conj/Fire      14%        3d5       38%         4
f - Sandblast             Erth           28%        2d8       4%          1
Your spell library was empty.

Dungeon Overview and Level Annotations

Branches:
Dungeon (3/15)

Altars:

Annotations:
D:3 Ijyb


Innate Abilities, Weirdness & Mutations

You are immune to sickness and miasma.
You are immune to poison.
Your flesh is very heat resistant. (rF++)
You are vulnerable to cold. (rC-)
You float through the air rather than walking.
You learn spells naturally, not from books.
Your magical power is your life essence.
You have superior vitality. (+4 HP)


Message History

You fly downwards.
Level annotation: Ijyb The ball python closely misses you.
The ball python grabs you. The ball python constricts you.
Ijyb screams, "Die!"
Ijyb hits you but does no damage. The ball python bites you.
The ball python constricts you.
There is a stone staircase leading up here.
The ball python's grasp on you weakens, but your attempt to escape fails.
Ijyb hits you with a +2 spectral club! The ball python bites you.
The ball python constricts you.
Unknown command.
You escape the ball python's grasp.
Ijyb barely misses you. The ball python barely misses you.
The ball python grabs you.
You stop ascending the stairs.
The ball python constricts you.
Unknown command.
You closely miss the ball python. Ijyb barely misses you.
The ball python bites you. The ball python constricts you.
Ijyb hits you with a +2 spectral club.
You barely miss the ball python. The ball python barely misses you.
The ball python constricts you. Ijyb hits you with a +2 spectral club.
* * * LOW HITPOINT WARNING * * *
The ball python bites you.
* * * LOW HITPOINT WARNING * * *
The ball python constricts you.
You closely miss the ball python. The ball python bites you.
* * * LOW HITPOINT WARNING * * *
The ball python constricts you. Ijyb hits you with a +2 spectral club.
* * * LOW HITPOINT WARNING * * *
You barely miss the ball python. The ball python closely misses you.
The ball python constricts you. Ijyb hits you with a +2 spectral club.
* * * LOW HITPOINT WARNING * * *
The ball python bites you but does no damage.
The ball python constricts you.
* * * LOW HITPOINT WARNING * * *
Ijyb completely misses you.
You hit the ball python.
The ball python is poisoned.
The ball python is moderately wounded.
The ball python bites you.
You die...

#.....###.# #.#.#.####.#
#.....#...# #.#.#....<.#
#...).#...###.#.########
#.........+............
#.....#...#............
#...g.#...#............
##'.###................
#S## #................
#.# #...g@...........
#'# #....S......#####
... #........#..# ....#
#........+..# .....#
#........# .# .#.#.##
#........# #.#.#.#
########## # #...#


You could see Ijyb and a ball python (very poisoned).

Vanquished Creatures
  An adder (D:2)
  2 worms (D:2)
  6 endoplasms
  3 giant cockroaches (D:1)
  7 goblins
  9 hobgoblins
  2 jackals (D:1)
  2 quokkas
  3 ball pythons (D:1)
  3 bats (D:1)
  9 kobolds
  2 rats (D:1)
49 creatures vanquished.

Vanquished Creatures (collateral kills)
  A foxfire (D:1)
1 creature vanquished.

Vanquished Creatures (others)
  103 foxfires
103 creatures vanquished.

Grand Total: 153 creatures vanquished

Notes
Turn   | Place    | Note
-------+----------+-------------------------------------------
     0 | D:1      | acebull12 the Djinni Fire Elementalist began the quest for
                  | the Orb.
     0 | D:1      | Reached XP level 1. HP: 15/15 MP: 0/0
    32 | D:1      | Found a faded altar of an unknown god.
   148 | D:1      | Reached XP level 2. HP: 6/21 MP: 0/0
   703 | D:1      | Reached skill level 3 in Spellcasting
   712 | D:1      | Reached XP level 3. HP: 12/25 MP: 0/0
   712 | D:1      | Learned a level 1 spell: Sandblast
  1525 | D:2      | Reached XP level 4. HP: 25/31 MP: 0/0
  2262 | D:3      | Reached skill level 1 in Polearms
  2497 | D:3      | Noticed Ijyb
  2800 | D:3      | Slain by a ball python

Illustrated notes

Levels and vault maps discovered:
D:1:      matt_arrival_los_fun, layout_rooms, basic_ecumenical_altar
D:2:      layout_loops_cross, minmay_pentomino_t2
D:3:      layout_basic, general_overflow_altar, mainiacjoe_overflow_brackets,
          chequers_temple_overflow_statue_of_worship, uniq_natasha, uniq_ijyb

Skill      XL: |  1  2  3  4 |
---------------+-------------+-----
Spellcasting   | 3 |  3.4
Polearms       | 1 |  1.0
Fighting       | |  0.5
Dodging        | |  2.4
Stealth        | |  1.8

Action                   |  1- 3 |  4- 6 || total
-------------------------+-------+-------++-------
Melee: Unarmed           |    10 |       ||    10
       Demon trident     |     5 |    15 ||    20
 Cast: Foxfire           |    46 |    18 ||    64
       Sandblast         |     1 |     1 ||     2
 Stab: Sleeping          |     1 |     1 ||     2
Armor: Robe              |     7 |     3 ||    10
Dodge: Dodged            |    16 |    11 ||    27

Table legend: (Time is in decaauts)
 A = Elapsed time spent in this place.
 B = Non-inter-level travel time spent in this place.
 C = Inter-level travel time spent in this place.
 D = Time resting spent in this place.
 E = Time spent auto-exploring this place.
 F = Levels seen in this place.
 G = Mean time per level.
                   A        B        C        D        E       F      G
               +--------+--------+--------+--------+--------+-----+--------+
         Total |   2809 |   2598 |    211 |    774 |   1477 |   3 |  936.3 |
       Dungeon |   2809 |   2598 |    211 |    774 |   1477 |   3 |  936.3 |
               +--------+--------+--------+--------+--------+-----+--------+

Top non-repeatable levels by time:
     D:1: 1258 daAuts
     D:2: 1242 daAuts
     D:3: 308 daAuts
